TOP OF THE 1ST |
Chicago Hawks batting - Pitching for Athletic Club KC : RHP Billy Crawford
|
Pitching: RHP Billy Crawford
|
|
Batting: LHB Motoshige Kitamura
|
0-0: Called Strike 0-1: Ball 1-1: Ball 2-1: Fly out, F9 (Flyball, 89S)
|
Batting: RHB José Lozano
|
0-0: Ground out 4-3 (Groundball, 34)
|
Batting: LHB Mal Wadley
|
0-0: Ball 1-0: Called Strike 1-1: Foul Ball, location: 2F 1-2: Foul Ball, location: 2F 1-2: Strikes out looking
|
Top of the 1st over - 0 run(s), 0 hit(s), 0 error(s), 0 left on base; Chicago 0 - Athletic Club KC 0 |
BOTTOM OF THE 1ST |
Athletic Club KC batting - Pitching for Chicago Hawks : RHP Stuart Lee
|
Pitching: RHP Stuart Lee
|
|
Batting: RHB Jorge Trevino
|
0-0: Fly out, F4 (Popup, 34D)
|
Batting: SHB David Henderson
|
0-0: Ball 1-0: Foul Ball, location: 2F 1-1: Foul Ball, location: 2F 1-2: Ball 2-2: Ball 3-2: Base on Balls
|
Batting: LHB Emílio Sáenz
|
0-0: Ball 1-0: Ball 2-0: Ball 3-0: Base on Balls David Henderson to second
|
Batting: RHB José Rodríguez
|
0-0: Ball 1-0: Foul Ball, location: 2F 1-1: 3-RUN HOME RUN (Flyball, 7D), Distance : 375 ft
|
Batting: LHB Bob Davis
|
0-0: Fly out, F1 (Popup, 13S)
|
Batting: RHB Ramón Souza
|
0-0: Ball 1-0: Swinging Strike 1-1: Called Strike 1-2: SINGLE (Groundball, 56D)
|
Batting: RHB Rick Atkinson
|
0-0: Ball 1-0: Swinging Strike 1-1: Foul Ball, location: 2F 1-2: Ball 2-2: Ball 3-2: Strikes out swinging
|
Bottom of the 1st over - 3 run(s), 2 hit(s), 0 error(s), 1 left on base; Chicago 0 - Athletic Club KC 3 |
TOP OF THE 2ND |
Chicago Hawks batting - Pitching for Athletic Club KC : RHP Billy Crawford
|
Batting: LHB Bobby Moore
|
0-0: Ball 1-0: Ball 2-0: Called Strike 2-1: Ball 3-1: Called Strike 3-2: Base on Balls
|
Batting: LHB Bill Griffin
|
0-0: Ball 1-0: Ball 2-0: Ball 3-0: Called Strike 3-1: Ground out 3-1 (Groundball, 34) Bobby Moore to second
|
Batting: RHB Ed Whitaker
|
0-0: Called Strike 0-1: Called Strike 0-2: Ball 1-2: Ball 2-2: Foul Ball, location: 2F 2-2: Ball 3-2: Foul Ball, location: 2F 3-2: Ground out 6-3 (Groundball, 6)
|
Batting: RHB Mitch Jensen
|
0-0: Ball 1-0: Called Strike 1-1: Ball 2-1: Foul Ball, location: 2F 2-2: Fly out, F9 (Flyball, 9M)
|
Top of the 2nd over - 0 run(s), 0 hit(s), 0 error(s), 1 left on base; Chicago 0 - Athletic Club KC 3 |
BOTTOM OF THE 2ND |
Athletic Club KC batting - Pitching for Chicago Hawks : RHP Stuart Lee
|
Batting: LHB Lawrence Washington
|
0-0: Ball 1-0: Foul Ball, location: 2F 1-1: Ground out 4-3 (Groundball, 4)
|
Batting: RHB Bill Dennis
|
0-0: Ball 1-0: Ground out 6-3 (Groundball, 6)
|
Batting: RHB Jorge Trevino
|
0-0: Fly out, F7 (Flyball, 7S)
|
Bottom of the 2nd over - 0 run(s), 0 hit(s), 0 error(s), 0 left on base; Chicago 0 - Athletic Club KC 3 |
TOP OF THE 3RD |
Chicago Hawks batting - Pitching for Athletic Club KC : RHP Billy Crawford
|
Batting: RHB José Ramos
|
0-0: Called Strike 0-1: Foul Ball, location: 2F 0-2: Strikes out looking
|
Batting: RHB Ted Young
|
0-0: Ball 1-0: Swinging Strike 1-1: Called Strike 1-2: Strikes out looking
|
Batting: LHB Motoshige Kitamura
|
0-0: Ball 1-0: Ball 2-0: Foul Ball, location: 2F 2-1: Ground out 4-3 (Groundball, 4)
|
Top of the 3rd over - 0 run(s), 0 hit(s), 0 error(s), 0 left on base; Chicago 0 - Athletic Club KC 3 |
BOTTOM OF THE 3RD |
Athletic Club KC batting - Pitching for Chicago Hawks : RHP Stuart Lee
|
Batting: SHB David Henderson
|
0-0: Called Strike 0-1: Foul Ball, location: 2F 0-2: Ball 1-2: Ball 2-2: Foul Ball, location: 2F 2-2: Ball 3-2: TRIPLE (Line Drive, 9LM)
|
Batting: LHB Emílio Sáenz
|
0-0: Foul Ball, location: 2F 0-1: Ball 1-1: SINGLE (Line Drive, 56D) David Henderson scores
|
Batting: RHB José Rodríguez
|
0-0: Foul Ball, location: 2F 0-1: Ball 1-1: Called Strike 1-2: Foul Ball, location: 2F 1-2: Foul Ball, location: 2F 1-2: Ball 2-2: Ball 3-2: Foul Ball, location: 2F 3-2: Grounds into double play, 6-4-3 (Groundball, 6)
|
Batting: LHB Bob Davis
|
0-0: Fly out, F8 (Flyball, 8RM)
|
Bottom of the 3rd over - 1 run(s), 2 hit(s), 0 error(s), 0 left on base; Chicago 0 - Athletic Club KC 4 |
TOP OF THE 4TH |
Chicago Hawks batting - Pitching for Athletic Club KC : RHP Billy Crawford
|
Batting: RHB José Lozano
|
0-0: Ball 1-0: Swinging Strike 1-1: Ball 2-1: Foul Ball, location: 2F 2-2: SINGLE (Groundball, 4M)
|
Batting: LHB Mal Wadley
|
0-0: Ball 1-0: 2-RUN HOME RUN (Flyball, 89XD), Distance : 416 ft
|
Batting: LHB Bobby Moore
|
0-0: Ball 1-0: Ball 2-0: Ball 3-0: Called Strike 3-1: Foul Ball, location: 2F 3-2: Fly out, F7 (Flyball, 7S)
|
Batting: LHB Bill Griffin
|
0-0: DOUBLE (Line Drive, 8LXD)
|
Batting: RHB Ed Whitaker
|
0-0: Ground out 5-3 (Groundball, 56)
|
Batting: RHB Mitch Jensen
|
0-0: Called Strike 0-1: Ball 1-1: Swinging Strike 1-2: Foul Ball, location: 2F 1-2: Foul Ball, location: 2F 1-2: Ball 2-2: Strikes out swinging
|
Top of the 4th over - 2 run(s), 3 hit(s), 0 error(s), 1 left on base; Chicago 2 - Athletic Club KC 4 |
BOTTOM OF THE 4TH |
Athletic Club KC batting - Pitching for Chicago Hawks : RHP Stuart Lee
|
Batting: RHB Ramón Souza
|
0-0: Ball 1-0: Ground out 6-3 (Groundball, 56)
|
Batting: RHB Rick Atkinson
|
0-0: Ball 1-0: Ball 2-0: Ball 3-0: Called Strike 3-1: Called Strike 3-2: Ground out 6-3 (Groundball, 6M)
|
Batting: LHB Lawrence Washington
|
0-0: Ball 1-0: TRIPLE (Line Drive, 5L)
|
Batting: RHB Bill Dennis
|
0-0: Called Strike 0-1: Ball 1-1: Foul Ball, location: 2F 1-2: Foul Ball, location: 2F 1-2: Ground out 5-3 (Groundball, 5S)
|
Bottom of the 4th over - 0 run(s), 1 hit(s), 0 error(s), 1 left on base; Chicago 2 - Athletic Club KC 4 |
TOP OF THE 5TH |
Chicago Hawks batting - Pitching for Athletic Club KC : RHP Billy Crawford
|
Batting: RHB José Ramos
|
0-0: Swinging Strike 0-1: Ball 1-1: Swinging Strike 1-2: Ball 2-2: Fly out, F6 (Popup, 6)
|
Batting: RHB Ted Young
|
0-0: Ball 1-0: Called Strike 1-1: Foul Ball, location: 2F 1-2: Strikes out swinging
|
Batting: LHB Motoshige Kitamura
|
0-0: Swinging Strike 0-1: SINGLE (Groundball, 34D)
|
Batting: RHB José Lozano
|
0-0: Ball 1-0: Called Strike 1-1: Ball 2-1: Ball 3-1: Swinging Strike 3-2: Strikes out swinging
|
Top of the 5th over - 0 run(s), 1 hit(s), 0 error(s), 1 left on base; Chicago 2 - Athletic Club KC 4 |
BOTTOM OF THE 5TH |
Athletic Club KC batting - Pitching for Chicago Hawks : RHP Stuart Lee
|
Batting: RHB Jorge Trevino
|
0-0: Foul Ball, location: 2F 0-1: SINGLE (Line Drive, 6MD)
|
Batting: SHB David Henderson
|
0-0: Ball 1-0: Ball 2-0: Fly out, F7 (Flyball, 7S)
|
Batting: LHB Emílio Sáenz
|
0-0: Ball 1-0: Fly out, F7 (Popup, 7LS)
|
Batting: RHB José Rodríguez
|
0-0: Ground out 4-3 (Groundball, 4)
|
Bottom of the 5th over - 0 run(s), 1 hit(s), 0 error(s), 1 left on base; Chicago 2 - Athletic Club KC 4 |
TOP OF THE 6TH |
Chicago Hawks batting - Pitching for Athletic Club KC : RHP Billy Crawford
|
Batting: LHB Mal Wadley
|
0-0: Called Strike 0-1: SINGLE (Line Drive, 7S)
|
Batting: LHB Bobby Moore
|
0-0: Ball 1-0: Called Strike 1-1: Ball 2-1: Ball 3-1: Called Strike 3-2: Strikes out swinging Mal Wadley steals 2nd base Batter strikes out.
|
Batting: LHB Bill Griffin
|
0-0: Called Strike 0-1: Ball 1-1: Ball 2-1: Foul Ball, location: 2F 2-2: SINGLE (Groundball, 34D) Mal Wadley to third
|
Pitching: RHP Joong-geun Kim
|
|
Batting: RHB Ed Whitaker
|
0-0: Foul Ball, location: 2F 0-1: Ball 1-1: Swinging Strike 1-2: Strikes out looking
|
Batting: RHB Mitch Jensen
|
0-0: Ball 1-0: Called Strike 1-1: Foul Ball, location: 2F 1-2: Ground out 6-3 (Groundball, 56)
|
Top of the 6th over - 0 run(s), 2 hit(s), 0 error(s), 2 left on base; Chicago 2 - Athletic Club KC 4 |
BOTTOM OF THE 6TH |
Athletic Club KC batting - Pitching for Chicago Hawks : RHP Stuart Lee
|
Batting: LHB Bob Davis
|
0-0: Foul Ball, location: 2F 0-1: Ground out 6-3 (Groundball, 6)
|
Batting: RHB Ramón Souza
|
0-0: Ball 1-0: Called Strike 1-1: SOLO HOME RUN (Line Drive, 7D), Distance : 403 ft
|
Batting: RHB Rick Atkinson
|
0-0: Called Strike 0-1: Ball 1-1: Swinging Strike 1-2: Foul Ball, location: 2F 1-2: Fly out, F6 (Popup, 6MD)
|
Batting: LHB Lawrence Washington
|
0-0: Swinging Strike 0-1: Called Strike 0-2: Foul Ball, location: 2F 0-2: Foul Ball, location: 2F 0-2: Foul Ball, location: 2F 0-2: Ball 1-2: Ball 2-2: Strikes out swinging
|
Bottom of the 6th over - 1 run(s), 1 hit(s), 0 error(s), 0 left on base; Chicago 2 - Athletic Club KC 5 |
TOP OF THE 7TH |
Chicago Hawks batting - Pitching for Athletic Club KC : RHP Joong-geun Kim
|
Batting: RHB José Ramos
|
0-0: Called Strike 0-1: Ball 1-1: Called Strike 1-2: Strikes out swinging
|
Batting: RHB Ted Young
|
0-0: Foul Ball, location: 2F 0-1: Ball 1-1: Ball 2-1: Ground out 6-3 (Groundball, 6)
|
Batting: LHB Motoshige Kitamura
|
0-0: Ball 1-0: Ground out 4-3 (Groundball, 13)
|
Top of the 7th over - 0 run(s), 0 hit(s), 0 error(s), 0 left on base; Chicago 2 - Athletic Club KC 5 |
BOTTOM OF THE 7TH |
Athletic Club KC batting - Pitching for Chicago Hawks : RHP Stuart Lee
|
Batting: RHB Bill Dennis
|
0-0: Ball 1-0: Foul Ball, location: 2F 1-1: Ball 2-1: Foul Ball, location: 2F 2-2: Ground out 1-3 (Groundball, 15)
|
Batting: RHB Jorge Trevino
|
0-0: Called Strike 0-1: Ground out 5-3 (Groundball, 5)
|
Batting: SHB David Henderson
|
0-0: Ball 1-0: Foul Ball, location: 2F 1-1: Called Strike 1-2: Ball 2-2: Ball 3-2: Fly out, F4 (Popup, 4)
|
Bottom of the 7th over - 0 run(s), 0 hit(s), 0 error(s), 0 left on base; Chicago 2 - Athletic Club KC 5 |
TOP OF THE 8TH |
Chicago Hawks batting - Pitching for Athletic Club KC : RHP Joong-geun Kim
|
Batting: RHB José Lozano
|
0-0: SINGLE (Line Drive, 89S)
|
Batting: LHB Mal Wadley
|
0-0: Called Strike 0-1: Ball 1-1: DOUBLE (Line Drive, 8RXD) José Lozano to third Runner from 3rd tries for Home, SAFE, throw made at trailing runner, SAFE at third!
|
Batting: LHB Bobby Moore
|
0-0: Swinging Strike 0-1: Called Strike 0-2: Strikes out swinging
|
Batting: LHB Bill Griffin
|
0-0: Ball 1-0: Ball 2-0: Swinging Strike 2-1: Foul Ball, location: 2F 2-2: Foul Ball, location: 2F 2-2: Foul Ball, location: 2F 2-2: Ball 3-2: Ground out 4-3 (Groundball, 4) Mal Wadley scores
|
Batting: RHB Ed Whitaker
|
0-0: Ball 1-0: Swinging Strike 1-1: Swinging Strike 1-2: Foul Ball, location: 2F 1-2: Ground out 6-3 (Groundball, 6)
|
Top of the 8th over - 2 run(s), 2 hit(s), 0 error(s), 0 left on base; Chicago 4 - Athletic Club KC 5 |
BOTTOM OF THE 8TH |
Athletic Club KC batting - Pitching for Chicago Hawks : RHP Stuart Lee
|
Batting: LHB Emílio Sáenz
|
0-0: Called Strike 0-1: Ball 1-1: Called Strike 1-2: Foul Ball, location: 2F 1-2: SINGLE (Flyball, 9S)
|
Batting: RHB José Rodríguez
|
0-0: Foul Ball, location: 2F 0-1: Ball 1-1: Foul Ball, location: 2F 1-2: Ball 2-2: DOUBLE (Line Drive, 8LXD) Emílio Sáenz to third Runner from 3rd tries for Home, SAFE, no throw or cutoff
|
Pitching: RHP Jim Price
|
|
Batting: LHB Bob Davis
|
0-0: Called Strike 0-1: Ball 1-1: Swinging Strike 1-2: Ball 2-2: Strikes out looking
|
Batting: RHB Ramón Souza
|
0-0: Intentional Walk
|
Batting: RHB Rick Atkinson
|
0-0: Foul Ball, location: 2F 0-1: Fielders Choice at 2nd, 6-4 (Groundball, 6M) José Rodríguez to third
|
Batting: LHB Lawrence Washington
|
0-0: Ball 1-0: Ball 2-0: Ball 3-0: Called Strike 3-1: Base on Balls Rick Atkinson to second
|
Batting: RHB Bill Dennis
|
0-0: Fly out, F9 (Line Drive, 89S)
|
Bottom of the 8th over - 1 run(s), 2 hit(s), 0 error(s), 3 left on base; Chicago 4 - Athletic Club KC 6 |
TOP OF THE 9TH |
Chicago Hawks batting - Pitching for Athletic Club KC : RHP Joong-geun Kim
|
Pitching: RHP Joe Ellis
|
|
Batting: RHB Mitch Jensen
|
0-0: Fly out, F9 (Flyball, 34D)
|
Batting: RHB José Ramos
|
0-0: Foul Ball, location: 2F 0-1: Ball 1-1: Ball 2-1: Ground out 6-3 (Groundball, 6)
|
Batting: RHB Ted Young
|
0-0: Called Strike 0-1: Ball 1-1: Swinging Strike 1-2: Ball 2-2: Strikes out swinging
|
Top of the 9th over - 0 run(s), 0 hit(s), 0 error(s), 0 left on base; Chicago 4 - Athletic Club KC 6 |
|